 Dungeon Crawl Stone Soup version 0.27.1 (webtiles) character file.

Game seed: 15608314167519195879

138 ZARRMARR the Chiller (level 5, -1/39 HPs)
             Began as a Ghoul Ice Elementalist on Aug 24, 2021.
             Slain by an ufetubus (2 damage)
             ... in a sewer.
             The game lasted 00:13:18 (2582 turns).

ZARRMARR the Chiller (Ghoul Ice Elementalist)       Turns: 2582, Time: 00:13:19

Health: -1/39      AC:  5    Str: 11 (12) XL:     5   Next: 21%
Magic:  0/7        EV: 12    Int: 10 (11) God:
Gold:   55         SH:  0    Dex:  9      Spells: 8/9 levels left

rFire    . . .     SeeInvis +   (no weapon)
rCold    + . .     Faith    .   (no shield)
rNeg     + + +     Spirit   +   a - +0 robe
rPois    ∞         Reflect  .   b - +2 helmet {SInv}
rElec    .         Harm     .   (no cloak)
rCorr    .         Rampage  .   (no gloves)
Will     .....                  (no boots)
Stlth    ++........             d - amulet of guardian spirit
HPRegen  0.00/turn              (no ring)
MPRegen  0.10/turn              (no ring)

@: inhibited regen
A: claws 1, cold resistance 1, negative energy resistance 3, inhibited
regeneration, torment resistance 2
a: no special abilities


You were in a sewer.
You visited 1 branch of the dungeon, and saw 3 of its levels.
You also visited: Sewer.

You collected 55 gold pieces.

Inventory:

Missiles
 i - 13 poisoned darts (quivered)
Armour
 a - a +0 robe (worn)
 b - a +2 helmet of see invisible (worn)
Jewellery
 d - an amulet of guardian spirit (around neck)
Wands
 f - a wand of charming (9)
Scrolls
 e - a scroll of teleportation {unknown}
 g - a scroll of identify {unknown}
 h - a scroll of enchant weapon {unknown}
 k - a scroll of fear {unknown}


   Skills:
 + Level 0.8 Fighting
 + Level 2.2 Dodging
 + Level 3.2 Stealth
 + Level 0.4 Unarmed Combat
 + Level 2.5 Spellcasting
 + Level 5.5 Ice Magic


You had 8 spell levels left.
You knew the following spells:

 Your Spells              Type           Power      Damage    Failure   Level
a - Freeze                Ice            48%        1d7       3%          1

Your spell library contained the following spells:

 Spells                   Type           Power      Damage    Failure   Level
 Frozen Ramparts          Ice            24%        1d4       9%          3
 Ozocubu's Armour         Ice            12%        N/A       9%          3
 Animate Skeleton         Necr           2%         N/A       30%         1
 Pain                     Necr           4%         1d4       30%         1
 Vampiric Draining        Necr           0%         2d6       65%         3
 Hailstorm                Conj/Ice       6%         3d4       67%         4


Dungeon Overview and Level Annotations

Branches:
Dungeon (3/15)              Sewer (1/1)

Altars:

Shops:
D:3 *[

Annotations:
D:2 Sigmund Sewer Grinder


Innate Abilities, Weirdness & Mutations

You thrive by killing the living.
You are immune to poison.
You have sharp fingernails.
Your flesh is cold resistant. (rC+)
You are immune to negative energy. (rN+++)
You do not regenerate when monsters are visible.
You are immune to unholy pain and torment.


Message History

There is an open door here.
You closely miss the ufetubus.
The ufetubus hits you but does no damage.
The ufetubus barely misses you. x2; The ufetubus hits you.
* * * LOW HITPOINT WARNING * * *
You miss the ufetubus.
The ufetubus hits you but does no damage.
The ufetubus misses you.
You scratch the ufetubus.
The ufetubus is severely wounded.
The ufetubus misses you. The ufetubus closely misses you.
The ufetubus hits you but does no damage.
The ufetubus barely misses you.
You scratch the ufetubus but do no damage.
The ufetubus is severely wounded.
The ufetubus closely misses you. x2
You closely miss the ufetubus.
The ufetubus is severely wounded.
The ufetubus barely misses you. The ufetubus misses you.
The ufetubus barely misses you. The ufetubus hits you.
You miss the ufetubus.
The ufetubus is severely wounded.
The ufetubus closely misses you.
The ufetubus hits you but does no damage.
You barely miss the ufetubus.
The ufetubus is severely wounded.
The ufetubus closely misses you. The ufetubus barely misses you. x2
The ufetubus closely misses you.
You closely miss the ufetubus.
The ufetubus is severely wounded.
The ufetubus completely misses you. The ufetubus barely misses you.
You closely miss the ufetubus.
The ufetubus is severely wounded.
The giant cockroach waves its antennae.
The ufetubus barely misses you.
The ufetubus hits you but does no damage.
You barely miss the ufetubus.
The ufetubus is severely wounded.
The ufetubus barely misses you. The ufetubus hits you.
You die...

..B.5.'...≈≈≈≈..............
#KK.#≈≈.......).....#.
##B####.#≈###≈≈#≈####)
#≈≈)#...≈≈≈≈≈≈≈≈≈≈≈ #.
#≈≈5#...≈≈≈≈≈≈≈≈≈≈≈≈#.
#≈B.#.≈≈≈≈≈≈≈≈≈≈≈≈≈≈#.
#≈..#.≈≈≈≈≈≈≈≈≈≈≈≈≈≈#.
#≈≈B#.≈≈≈≈≈≈≈≈≈≈≈≈≈≈#.
#≈≈K5@≈≈≈≈≈≈≈≈≈≈≈≈≈≈#.
##≈##################. #≈≈
≈≈≈≈≈≈≈#. #≈≈ ≈≈≈≈≈≈≈.. #≈≈
≈≈≈≈≈≈≈#. ### #########


You could see a kobold brigand, an ufetubus and a giant cockroach.

Vanquished Creatures
  An orc wizard (D:3)
  A gnoll (D:2)
  2 adders (D:3)
  An ufetubus (Sewer)
  2 worms (D:2)
  2 orcs (D:3)
  3 ball pythons
  5 endoplasms
  A giant cockroach (D:2)
  4 hobgoblins
  7 jackals (D:1)
  20 kobolds
  2 quokkas (D:1)
  7 bats
  4 frilled lizards
  3 goblins
  2 kobold zombies (Sewer)
  3 rats
70 creatures vanquished.

Notes
Turn   | Place    | Note
-------+----------+-------------------------------------------
     0 | D:1      | ZARRMARR the Ghoul Ice Elementalist began the quest for the
                  | Orb.
     0 | D:1      | Reached XP level 1. HP: 14/14 MP: 2/2
   153 | D:1      | Reached XP level 2. HP: 20/20 MP: 0/3
   405 | D:1      | Reached skill level 5 in Ice Magic
   725 | D:1      | Reached XP level 3. HP: 26/26 MP: 3/5
  1828 | D:2      | Reached XP level 4. HP: 25/34 MP: 0/6
  2058 | D:2      | Noticed Sigmund
  2118 | D:3      | Found Zumois's General Store.
  2132 | D:3      | Found Wiajy's Antique Armour Shop.
  2235 | D:3      | Found a glowing drain.
  2245 | D:3      | Reached XP level 5. HP: 37/39 MP: 1/7
  2252 | Sewer    | Entered a sewer
  2542 | Sewer    | Noticed a kobold brigand
  2546 | Sewer    | Found an ancient bone altar of Kikubaaqudgha.
  2559 | Sewer    | Noticed Grinder
  2573 | Sewer    | HP: 1/39 [ufetubus (2)]
  2582 | Sewer    | Slain by an ufetubus

Illustrated notes

Levels and vault maps discovered:
D:1:      dpeg_arrival_connections, layout_basic
D:2:      layout_basic, minmay_puff, uniq_jessica, uniq_sigmund
D:3:      layout_loops_ring, chequers_temple_overflow_minitemple,
          mainiacjoe_overflow_catch_the_wave, nicolae_tso_besieged_by_evil,
          gammafunk_temple_overflow_elements, portal_sewer_entry_d,
          serial_shops, shop_coins, shop_fountains, nicolae_square_shop,
          nicolae_shop_temple_entry_statues_fountains, minmay_misc_feat_room,
          hangedman_decor_push, serial_bayou_lake_a, uniq_natasha, uniq_robin
Sewer:    kennysheep_sewer_church

Skill      XL: |  1  2  3  4 |
---------------+-------------+-----
Ice Magic      | 5 |  5.5
Spellcasting   | 2 |  2.5
Dodging        | 2 |  2.2
Stealth        | 3 |  3.2
Fighting       | |  0.8
Unarmed Combat | |  0.4

Action                   |  1- 3 |  4- 6 || total
-------------------------+-------+-------++-------
Melee: Unarmed           |    52 |    79 ||   131
 Cast: Freeze            |    55 |    38 ||    93
  Use: Scroll            |     2 |       ||     2
       Potion            |       |     2 ||     2
 Stab: Sleeping          |     1 |     1 ||     2
Armor: Robe              |    18 |    51 ||    69
Dodge: Dodged            |    63 |   109 ||   172
